 Dungeon Crawl Stone Soup version 0.25.0-9-g26727b657a (webtiles) character file.

Game seed: 1921392955448226244

205 Ijustatesigmund the Chopper (level 5, 0/47 HPs)
             Began as a Hill Orc Fighter on June 18, 2020.
             Slain by a sky beast (6 damage)
             ... on level 4 of the Dungeon.
             The game lasted 00:05:04 (3236 turns).

Ijustatesigmund the Chopper (Hill Orc Fighter)      Turns: 3236, Time: 00:05:05

Health: 0/47       AC:  9    Str: 19    XL:     5   Next: 83%
Magic:  5/5        EV:  5    Int: 10    God:
Gold:   162        SH: 10    Dex: 11    Spells: 4/4 levels left

rFire    . . .     SeeInvis .   a - +0 war axe
rCold    . . .     Gourm    .   c - +1 kite shield
rNeg     . . .     Faith    .   b - +0 chain mail
rPois    .         Spirit   .   (no helmet)
rElec    .         Reflect  .   (no cloak)
rCorr    .         Harm     .   (no gloves)
MR       .....     Clarity  +   (no boots)
Stlth    ..........             (no amulet)
HPRegen  0.15/turn              (no ring)
MPRegen  0.09/turn              (no ring)

@: mighty
A: clarity, clever 1
a: no special abilities


You were on level 4 of the Dungeon.
You were hungry.

You visited 1 branch of the dungeon, and saw 4 of its levels.

You collected 162 gold pieces.

Inventory:

Hand Weapons
 a - a +0 war axe (weapon)
Missiles
 o - 12 poisoned darts
 q - 3 curare-tipped darts (quivered)
Armour
 b - a +0 chain mail (worn)
 c - a +1 kite shield (worn)
Jewellery
 i - an uncursed ring of ice
 m - an uncursed ring of fire
Scrolls
 e - a scroll of blinking
 g - a scroll of remove curse
 l - 2 scrolls of teleportation
Potions
 d - a potion of might
 h - a potion of magic {unknown}
 j - a potion of brilliance {unknown}
 k - 2 potions of haste {unknown}
 n - 2 potions of stabbing {unknown}
Comestibles
 f - 7 rations


   Skills:
 + Level 4.5 Fighting
 + Level 6.5 Axes
 - Level 3.2 Armour
 + Level 1.4 Dodging
 - Level 3.2 Shields


You had 4 spell levels left.
You didn't know any spells.
Your spell library was empty.

Dungeon Overview and Level Annotations

Branches:
Dungeon (4/15)
 Temple: D:4-7

Altars:
Fedhas
Vehumet
Xom


Innate Abilities, Weirdness & Mutations

You possess an exceptional clarity of mind.
Your mind is acute. (Int +2)


Message History

Something hits you. Something shocks you.
* * * LOW HITPOINT WARNING * * *
Your shield and chain mail prevent you from hitting something.
Something hits you.
* * * LOW HITPOINT WARNING * * *
Something shocks you.
* * * LOW HITPOINT WARNING * * *
You block something's attack.
You closely miss something.
A sky beast appears from thin air!
Reactivating autopickup.
You block the sky beast's attack.
You miss the sky beast.
The sky beast is heavily wounded.
The sky beast hits you but does no damage.
You closely miss the sky beast.
The sky beast is heavily wounded.
The sky beast hits you.
* * * LOW HITPOINT WARNING * * *
The sky beast shocks you.
You die...

..##.....)........##
...#...............#
...##..)....>..(...##
....................#
.......#............#
.....#.#..##.......#..(.
...####............#....
.#.## ##.##....#.##.....
....####.##.####@...##.
..[.........###Y........
..##....... #...........
.## ...........##.#.....
## ......##...# .#...##
.. .... #...## .. ..#
... #... ....## .#..
.... .... .### ###.. ...


You could see a sky beast.

Vanquished Creatures
  Jessica (D:3)
  A worker ant zombie (D:3)
  7 gnolls
  2 adders (D:2)
  An ooze (D:1)
  A dart slug (D:1)
  3 leopard geckos
  An orc (D:3)
  12 bats
  2 giant cockroaches (D:2)
  14 hobgoblins
  2 jackals (D:2)
  3 ball pythons
  A ball python zombie (D:3)
  5 frilled lizards
  10 goblins
  A jackal skeleton (D:3)
  3 kobolds
  A leopard gecko skeleton (D:3)
  A quokka skeleton (D:3)
  A quokka zombie (D:3)
  6 rats
79 creatures vanquished.

Notes
Turn   | Place    | Note
-------+----------+-------------------------------------------
     0 | D:1      | Ijustatesigmund the Hill Orc Fighter began the quest for
                  | the Orb.
     0 | D:1      | Reached XP level 1. HP: 19/19 MP: 1/1
    15 | D:1      | Reached skill level 3 in Axes
    46 | D:1      | Reached XP level 2. HP: 25/26 MP: 2/2
   139 | D:1      | Reached skill level 4 in Axes
   373 | D:1      | Reached XP level 3. HP: 31/31 MP: 3/3
   743 | D:1      | Reached skill level 5 in Axes
  1222 | D:2      | Reached XP level 4. HP: 30/39 MP: 4/4
  1718 | D:2      | Reached skill level 6 in Axes
  2213 | D:3      | Found a radiant altar of Vehumet.
  2217 | D:3      | Found a blossoming altar of Fedhas.
  2397 | D:3      | Reached XP level 5. HP: 23/46 MP: 5/5
  2400 | D:3      | Reached skill level 1 in Dodging
  2874 | D:3      | Found a shimmering altar of Xom.
  2877 | D:3      | Noticed Jessica
  2883 | D:3      | Killed Jessica
  3094 | D:3      | Gained mutation: Your mind is acute. (Int +2) [potion of
                  | mutation]
  3094 | D:3      | Gained mutation: You possess an exceptional clarity of
                  | mind. [potion of mutation]
  3211 | D:4      | Noticed a sky beast
  3236 | D:4      | Slain by a sky beast

Illustrated notes

Levels and vault maps discovered:
D:1:      nicolae_arrival_memento_mori, layout_basic, chequers_jeans,
          st_stairs_3
D:2:      layout_basic, hangedman_abyss_or_decor_stabs
D:3:      layout_loops_corners, xom_teletrap_fun,
          chequers_temple_overflow_statue_of_worship, serial_undead,
          serial_undead_c, serial_undead_d, serial_undead_f, serial_undead_c,
          serial_undead_c, serial_undead_b, minmay_misc_feat_ornament,
          hangedman_decor_peaks_small, uniq_jessica
D:4:      layout_cave_pools, grunt_qazlal_sundering

Skill      XL: |  1  2  3  4  5 |
---------------+----------------+-----
Axes           | 3 4 5 6 |  6.5
Fighting       | 4 |  4.5
Dodging        | 1 |  1.4
Armour         | |  3.2
Shields        | |  3.2

Action                   |  1- 3 |  4- 6 || total
-------------------------+-------+-------++-------
Melee: War axe           |   111 |   117 ||   228
Throw: Dart              |       |     5 ||     5
  Use: Scroll            |     4 |     3 ||     7
       Potion            |       |     2 ||     2
  Eat: Chunk             |     1 |     6 ||     7
Armor: Scale mail        |    54 |     9 ||    63
       Chain mail        |       |    41 ||    41
Dodge: Dodged            |    31 |    31 ||    62
Block: Kite shield       |    55 |    72 ||   127
